 Dungeon Crawl Stone Soup version 0.16.2-2-g470672f (webtiles) character file.

1498 poirepourri the Digger (level 8, -15/41 HPs)
             Began as a Gargoyle Earth Elementalist on Aug 15, 2015.
             Was an Initiate of Ru.
             Demolished by an ogre
             ... wielding a +0 giant spiked club
              (22 damage)
             ... on level 6 of the Dungeon.
             The game lasted 00:23:54 (9969 turns).

poirepourri the Digger (GrEE)                       Turns: 9969, Time: 00:23:55

Health: -15/41     AC: 11    Str: 11    XL:     8   Next: 81%
Magic:  22/22      EV: 11    Int: 19    God:    Ru [......]
Gold:   269        SH:  3    Dex: 10    Spells: 5 memorised, 7 levels left

rFire  . . .     SeeInvis .     k - +2 rapier (drain)
rCold  . . .     Clarity  .     j - +0 leather armour
rNeg   + . .     SustAb   .     q - +0 buckler
rPois  ∞         Gourm    .     (no helmet)
rElec  +         Spirit   .     i - +0 cloak
rCorr  .         Warding  .     u - +0 pair of gloves
rMut   .         Stasis   .     (no boots)
MR     .....                    (no amulet)
Stlth  ++........               (no ring)
                                (no ring)

@: not resistant to hostile enchantments, unstealthy
A: negative energy resistance 1, electricity resistance, unbreathing,
petrification resistance, rot immunity, forlorn, AC +5
a: Renounce Religion


You were on level 6 of the Dungeon.
You worshipped Ru.
Ru was noncommittal.
You were not hungry.

You visited 2 branches of the dungeon, and saw 7 of its levels.

You collected 269 gold pieces.

Inventory:

Hand weapons
 k - a +2 rapier of draining (weapon)
Missiles
 b - 222 stones (quivered)
Armour
 c - a +0 robe
 i - a +0 cloak (worn)
 j - a +0 leather armour (worn)
 q - a +0 buckler (worn)
 u - a +0 pair of gloves (worn)
Jewellery
 r - an uncursed ring of loudness
 x - an uncursed ring of fire {unknown}
Magical devices
 g - a wand of teleportation (1)
Scrolls
 a - 4 scrolls of teleportation
 e - 2 scrolls of remove curse
 l - a scroll of random uselessness
 p - 2 scrolls of identify
 s - a scroll of amnesia {unknown}
Potions
 n - a potion of restore abilities {unknown}
 o - a potion of haste
 t - 2 potions of curing
 w - a potion of agility
Books
 d - a book of Geomancy

   Spells                             Type                      Level
   a - Sandblast                      Earth                        1
   b - Stoneskin                      Transmutation/Earth          2
   c - Passwall                       Transmutation/Earth          3
   d - Stone Arrow                    Conjuration/Earth            3
   e - Petrify                        Transmutation/Earth          4
   f - Lee's Rapid Deconstruction     Earth                        5
Comestibles
 f - 3 fruits
 h - 3 meat rations
 m - 2 slices of pizza
 v - a bread ration


   Skills:
 + Level 1.1 Short Blades
 - Level 0.4 Throwing
 * Level 5.0 Armour
 + Level 3.2 Dodging
 - Level 2.5 Stealth
 + Level 0.7 Shields
 + Level 0.2 Unarmed Combat
 * Level 6.5 Spellcasting
 + Level 1.6 Conjurations
 + Level 1.1 Transmutations
 + Level 6.5 Earth Magic


You had 7 spell levels left.
You knew the following spells:

 Your Spells              Type           Power        Failure   Level  Hunger
a - Sandblast             Erth           ####..       1%          1    None
b - Stoneskin             Trmt/Erth      ###.....     10%         2    None
c - Passwall              Trmt/Erth      ###.......   17%         3    ##.....
d - Stone Arrow           Conj/Erth      ###...       14%         3    ##.....
e - Petrify               Trmt/Erth      ###.....     54%         4    ####...


Dungeon Overview and Level Annotations

Branches:
Dungeon (6/15)             Temple (1/1) D:4

Altars:
Ashenzari
Elyvilon
Fedhas
Gozag
Makhleb
Okawaru
Qazlal
Ru
Sif Muna
Vehumet
Xom
Yredelemnul
Zin
The Shining One

Shops:
D:6 (


Innate Abilities, Weirdness & Mutations

You are resistant to torment.
You are immune to poison.
Your stone body is very resilient (AC +5).
You resist negative energy.
You are resistant to electric shocks.
You can survive without breathing.
You are immune to petrification.
You are immune to rotting.
You have difficulty communicating with the divine.


Message History

You puncture the ogre!
The ogre is moderately wounded.
The ogre closely misses you.
You hit the ogre.
The ogre is moderately wounded.
The ogre closely misses you.
You barely miss the ogre.
The ogre is moderately wounded.
You hit the ogre but do no damage.
The ogre is moderately wounded.
The ogre hits you with a giant spiked club!!
You hit the ogre.
The ogre is moderately wounded.
The ogre hits you with a giant spiked club!
* * * LOW HITPOINT WARNING * * *
You barely miss the ogre.
The ogre is moderately wounded.
The ogre hits you with a giant spiked club!!
Ouch! That really hurt!
You die...

......................
.......##............
....##.............[.
##..###......)....###
##.#####...........#
.#....##.........#.
.####.##.........#
................##
#####..........O@#
####.........#
#.........#
#.........#
.....♣.......
###......>.....
#.#♣∩♣..###..
..#..##.. .. .## ♣ #..


You could see an ogre.

Vanquished Creatures
  Grinder (D:3)
  2 sky beasts
  5 ogres
  A scorpion (D:4)
  A crimson imp (D:5)
  A giant frog zombie (D:5)
  2 goliath beetles
  A jelly (D:5)
  A giant frog skeleton (D:4)
  A hound (D:5)
  5 worker ants
  2 orc wizards
  Ijyb (D:5)
  A hound skeleton (D:5)
  2 worker ant zombies (D:5)
  10 adders
  A giant mite (D:1)
  A worm (D:3)
  4 giant geckos
  An ooze (D:1)
  5 orcs
  10 bats
  A bat skeleton (D:4)
  7 giant cockroaches
  11 goblins
  12 hobgoblins
  A giant cockroach zombie (D:6)
  5 giant newts
  7 jackals (D:2)
  11 kobolds
  A quokka (D:2)
  2 quokka skeletons
  12 rats
129 creatures vanquished.

Notes
Turn   | Place    | Note
--------------------------------------------------------------
     0 | D:1      | poirepourri, the Gargoyle Earth Elementalist, began the quest for the Orb.
     0 | D:1      | Reached XP level 1. HP: 10/10 MP: 3/3
    15 | D:1      | Reached skill level 4 in Earth Magic
    15 | D:1      | Reached XP level 2. HP: 15/15 MP: 0/4
   732 | D:1      | Learned a level 2 spell: Stoneskin
   924 | D:1      | Reached XP level 3. HP: 17/19 MP: 1/6
  1574 | D:2      | Found a burning altar of Makhleb.
  2185 | D:2      | Found a shattered altar of Ashenzari.
  2366 | D:2      | Reached XP level 4. HP: 20/24 MP: 5/8
  3079 | D:3      | Learned a level 3 spell: Passwall
  3084 | D:3      | Learned a level 3 spell: Stone Arrow
  3530 | D:3      | Noticed Grinder
  3532 | D:3      | Reached skill level 1 in Armour
  3548 | D:3      | Paralysed by Grinder for 2 turns
  3562 | D:3      | Paralysed by Grinder for 4 turns
  3566 | D:3      | HP: 1/24 [Grinder/nerve-wracking pain (9)]
  3573 | D:3      | Killed Grinder
  3573 | D:3      | Reached skill level 1 in Transmutations
  3573 | D:3      | Reached XP level 5. HP: 12/28 MP: 2/12
  3573 | D:3      | Reached XP level 6. HP: 13/32 MP: 2/14
  4211 | D:4      | Reached XP level 7. HP: 9/36 MP: 5/17
  4628 | D:4      | Reached skill level 5 in Earth Magic
  5592 | D:4      | Learned a level 4 spell: Petrify
  6066 | D:4      | Gained mutation: You have difficulty communicating with the divine. [miscasting Petrify]
  6091 | D:4      | Reached skill level 5 in Spellcasting
  6565 | D:4      | Found a staircase to the Ecumenical Temple.
  6578 | Temple   | Entered the Ecumenical Temple
  6647 | Temple   | Became a worshipper of Ru the Awakened
  6871 | D:5      | Entered Level 5 of the Dungeon
  6873 | D:5      | Reached skill level 1 in Conjurations
  7208 | D:4      | Reached XP level 8. HP: 41/41 MP: 12/20
  8472 | D:5      | Reached skill level 6 in Spellcasting
  8863 | D:5      | Reached skill level 1 in Short Blades
  9066 | D:5      | Noticed Ijyb
  9106 | D:5      | Killed Ijyb
  9940 | D:6      | Found Tamecsagh's Weapon Shoppe.
  9955 | D:6      | Reached skill level 5 in Armour
  9969 | D:6      | Demolished by an ogre

Action                   |  1- 3 |  4- 6 |  7- 9 || total
-------------------------+-------+-------+-------++-------
Melee: Unarmed           |    74 |     4 |       ||    78
       Rapier            |       |    47 |   199 ||   246
Throw: Stone             |    71 |     8 |       ||    79
 Cast: Sandblast         |    91 |    25 |   127 ||   243
       Stoneskin         |     5 |     3 |     3 ||    11
       Stone Arrow       |       |     2 |    24 ||    26
  Use: Scroll            |     2 |     2 |     5 ||     9
       Potion            |     2 |     1 |     3 ||     6
  Eat: Bread ration      |     2 |     1 |     1 ||     4
       Meat ration       |       |       |     3 ||     3
       Royal jelly       |       |       |     1 ||     1
